 Dungeon Crawl Stone Soup version 0.18-a0-1805-g8ab820f (webtiles) character file.

9 graki42 the Magician (level 2, 15/15 HPs)
             Began as a Deep Elf Wizard on Apr 27, 2016.
             Quit the game on level 1 of the Dungeon.
             The game lasted 00:02:10 (338 turns).

graki42 the Magician (Deep Elf Wizard)               Turns: 338, Time: 00:02:11

Health: 15/15      AC:  2    Str:  4    XL:     2   Next: 3%
Magic:  0/9        EV: 12    Int: 22    God:
Gold:   11         SH:  0    Dex: 13    Spells: 5 memorised, 1 level left

rFire  . . .     SeeInvis .     (no weapon)
rCold  . . .     Gourm    .     a - +0 robe
rNeg   . . .     Faith    .     (no shield)
rPois  .         Spirit   .     b - +0 hat
rElec  .         Dismiss  .     (no cloak)
rCorr  .         Reflect  .     (no gloves)
SustAt .         Harm     .     (no boots)
MR     .....                    (no amulet)
Stlth  ++........               (no ring)
                                (no ring)

@: very slightly contaminated, not resistant to hostile enchantments, unstealthy
A: no striking features
a: no special abilities


You were on level 1 of the Dungeon.
You were not hungry.

You visited 1 branch of the dungeon, and saw 1 of its levels.

You collected 11 gold pieces.

Inventory:

Armour
 a - a +0 robe (worn)
 b - a +0 hat (worn)
Jewellery
 f - a +1 ring of evasion {unknown}
Scrolls
 e - a scroll of random uselessness {unknown}
 g - a scroll of teleportation {unknown}
 h - a scroll of recharging {unknown}
Potions
 i - a potion of haste {unknown}
Books
 c - a book of Minor Magic

   Spells                             Type                      Level
   a - Magic Dart                     Conjuration                  1
   b - Blink                          Translocation                2
   c - Call Imp                       Summoning                    2
   d - Repel Missiles                 Charms/Air                   2
   e - Slow                           Hexes                        2
   f - Conjure Flame                  Conjuration/Fire             3
   g - Mephitic Cloud                 Conjuration/Poison/Air       3
Comestibles
 d - 2 bread rations


   Skills:
 + Level 2.5 Dodging
 + Level 2.6 Stealth
 + Level 4.8 Spellcasting
 + Level 1.3 Conjurations
 + Level 1.1 Summonings
 + Level 1.1 Translocations


You had one spell level left.
You knew the following spells:

 Your Spells              Type           Power        Failure   Level  Hunger
a - Magic Dart            Conj           ##..         8%          1    None
b - Call Imp              Summ           ##......     12%         2    None
c - Blink                 Tloc           N/A          12%         2    None
d - Repel Missiles        Chrm/Air       #.....       17%         2    None
e - Slow                  Hex            #.......     17%         2    None


Dungeon Overview and Level Annotations

Branches:
Dungeon (1/15)

Altars:


Message History

The bat is severely wounded.
A gnoll comes into view. It is wielding a club.
Casting: Magic Dart
Confirm with . or Enter, or press ? or * to list all spells.
Aiming: Magic Dart
Press: ? - help, Shift-Dir - straight line, f/p - bat
Aim: a bat (severely wounded)
The magic dart hits the bat.
You kill the bat!
The gnoll shouts!
Found a pair of boots.
Casting: Magic Dart
Confirm with . or Enter, or press ? or * to list all spells.
You miscast Call Imp.
Shadowy shapes form in the air around you, then vanish.
Casting: Call Imp
Confirm with . or Enter, or press ? or * to list all spells.
You miscast Call Imp.
Nothing appears to happen.
Unknown command.
Are you sure you want to abandon this character and quit the game? (Confirm with "yes".)

#......#########.# #
#.###.........#.### # ##
#.#..............# # #.#
##....######.#...# #.###.#.###
#.#...# #.#....# #######.#
#.###### #.......#
##.)....#####.#####.######
##.......g@..#.#...........
######....#######.#.###...######
#..†......# #.###...###
(###.(.#.# #.#.......####
#.......# #..(##..>.....
#?#...#.# ######..#.####
#.##.##.# #........ #.##.#
#....#### ...... #....####


You could see a gnoll.

Vanquished Creatures
  A giant gecko (D:1)
  A giant cockroach (D:1)
  A goblin (D:1)
  A hobgoblin (D:1)
  A kobold (D:1)
  A bat (D:1)
  A giant newt (D:1)
7 creatures vanquished.

Notes
Turn   | Place    | Note
--------------------------------------------------------------
     0 | D:1      | graki42 the Deep Elf Wizard began the quest for the Orb.
     0 | D:1      | Reached XP level 1. HP: 10/10 MP: 7/7
   310 | D:1      | Reached XP level 2. HP: 15/15 MP: 3/9
   314 | D:1      | Learned a level 2 spell: Call Imp
   317 | D:1      | Learned a level 2 spell: Blink
   320 | D:1      | Learned a level 2 spell: Repel Missiles
   323 | D:1      | Learned a level 2 spell: Slow
   338 | D:1      | Quit the game

Vault maps used:
D:1:      scummos_arrival_forest, nrook_mini_backslash, roderic_serpentine_path,
          corner_web_ring, item_on_display_a

Action                   || total
-------------------------++-------
Melee: Unarmed           ||     1
 Cast: Magic Dart        ||    14
 Stab: Sleeping          ||     1
Armor: Robe              ||     1
